Map: [ESL] Moondance

Players

PtitDrogo

  • Race: Protoss Protoss
  • Spawn Location: 6:00

Scarlett - Winner!

  • Race: Zerg Zerg
  • Spawn Location: 12:00

Event: DreamHack SC2 Masters 2022 Valencia

VOD

Have the link to the VOD?

Description

Time

  • Played on: July 1, 2022, 2:05 p.m.
  • Length: 11:44

All games in this series

Show
View Real Time Build Order
Export as new Build Order

PtitDrogo Protoss 

Build Orders: 1 Gate Expand, Oracle Opening, Zealot Archon 

Get SALT Encoding   

  12  0:00  Probe  
  13  0:12  Probe  
  14  0:19  Pylon  
  14  0:24  Probe  
  15  0:37  Probe (Chrono Boost)  
  15  0:40  Gateway  
  16  0:46  Probe (Chrono Boost)  
  16  0:49  Assimilator  
  17  0:51  Probe (Chrono Boost)  
  18  1:03  Probe  
  19  1:15  Probe  
  20  1:26  Nexus  
  20  1:37  Cybernetics Core  
  20  1:39  Probe  
  21  1:45  Assimilator  
  21  1:51  Probe  
  22  1:58  Pylon  
  22  2:03  Probe  
  23  2:13  Stalker (Chrono Boost)  
  23  2:16  Probe  
  23  2:22  Stargate  
  26  2:28  Probe (Chrono Boost)  
  27  2:30  Warp Gate  
  27  2:39  Probe (Chrono Boost)  
  29  2:46  Probe (Chrono Boost)  
  29  2:48  Probe (Chrono Boost)  
  30  2:53  Probe x2 (Chrono Boost)  
  32  3:02  Oracle (Chrono Boost)  
  32  3:04  Probe  
  32  3:05  Probe  
  37  3:16  Probe  
  37  3:17  Probe  
  39  3:20  Nexus  
  39  3:28  Probe  
  39  3:29  Oracle (Chrono Boost), Probe  
  44  3:34  Pylon  
  44  3:40  Probe  
  45  3:41  Probe  
  46  3:49  Assimilator  
  46  3:51  Assimilator  
  46  3:53  Probe (Chrono Boost)  
  46  3:55  Probe (Chrono Boost)  
  48  3:59  Oracle  
  51  4:05  Pylon, Probe (Chrono Boost)  
  53  4:10  Probe (Chrono Boost)  
  53  4:11  Probe (Chrono Boost)  
  53  4:16  Twilight Council  
  54  4:19  Forge  
  54  4:21  Gateway  
  54  4:23  Probe x2  
  53  4:36  Probe x2 (Chrono Boost)  
  56  4:41  Probe (Chrono Boost)  
  56  4:45  Robotics Facility, Assimilator  
  58  4:46  Probe x2 (Chrono Boost)  
  58  4:50  Probe (Chrono Boost)  
  58  4:51  Probe x2 (Chrono Boost)  
  58  4:52  Protoss Ground Weapons Level 1  
  59  4:56  Charge  
  61  5:00  Probe  
  61  5:02  Probe  
  63  5:08  Probe  
  63  5:12  Probe, Gateway  
  65  5:14  Templar Archives, Probe  
  65  5:15  Gateway x2  
  65  5:17  Pylon  
  65  5:20  Probe  
  67  5:24  Probe  
  67  5:26  Probe  
  69  5:29  Zealot x2  
  69  5:32  Probe  
  69  5:34  Observer (Chrono Boost), Pylon  
  75  5:44  Gateway  
  75  5:46  Gateway  
  75  5:53  Immortal  
  75  5:56  Shield Battery  
  79  5:57  Pylon, High Templar x2  
  79  6:02  Archon  
  83  6:05  Gateway  
  83  6:07  Gateway  
  83  6:09  High Templar x2  
  84  6:11  Zealot  
  84  6:13  Shield Battery  
  84  6:14  Archon  
  83  6:32  Zealot x2  
  85  6:37  Immortal  
  82  6:47  Pylon  
  82  6:49  Pylon x2  
  82  6:51  Zealot x3  
  82  6:52  Zealot x2  
  84  6:56  Probe  
  84  7:00  Probe  
  84  7:05  Zealot x2  
  80  7:12  Zealot x5  
  89  7:16  Probe  
  89  7:18  Probe  
  86  7:28  Probe  
  85  7:33  High Templar  
  85  7:34  High Templar x2  
  85  7:35  Nexus, High Templar  
  93  7:41  Archon x2  
  93  7:47  Protoss Ground Weapons Level 2 (Chrono Boost)  
  93  7:52  Pylon  
  93  7:54  Pylon  
  93  8:13  Cybernetics Core  
  93  8:14  Nexus  
  93  8:16  High Templar x2  
  93  8:17  Pylon, Zealot x2  
  101  8:21  Archon  
  101  8:22  Probe x2  
  103  8:32  Phoenix  
  105  8:34  Probe  
  105  8:38  Photon Cannon  
  105  8:40  Probe  
  107  8:56  Probe  
  107  8:59  Phoenix (Chrono Boost)  
  110  9:06  Shield Battery, Gateway  
  110  9:08  Pylon, Gateway  
  110  9:09  Pylon  
  110  9:10  Zealot  
  110  9:12  Psionic Storm  
  112  9:18  Robotics Facility  
  112  9:20  Pylon  
  112  9:26  Zealot x2  
  112  9:29  High Templar  
  112  9:30  High Templar, Zealot x3  
  126  9:37  Shield Battery  
  126  9:38  Archon  
  115  9:51  Stalker x5  
  112  10:05  Stalker x3  
  103  10:09  Zealot  
  93  10:15  Zealot  
  93  10:17  Probe  
  84  10:25  Immortal (Chrono Boost)  
  88  10:30  Sentry  
  88  10:35  Sentry  
  90  10:36  Zealot  
  90  10:37  Probe  
  90  10:38  Probe x2  
  90  10:41  Zealot  
  97  10:44  Sentry  
  95  10:54  Sentry  
  95  10:56  Zealot x2  
  95  10:57  Zealot  
  97  11:02  Zealot x3  
  90  11:07  Zealot  
  90  11:08  Probe  
  90  11:11  Probe x3  
  90  11:15  Sentry  
  90  11:17  Sentry x2  
  98  11:20  Probe  
  98  11:23  Probe  
  98  11:25  Sentry  
  94  11:26  Zealot x2  
  94  11:31  Zealot  
  77  11:37  Zealot  
Show
View Real Time Build Order
Export as new Build Order

Scarlett Zerg - Winner!

Build Orders: Hatch First 

Get SALT Encoding   

  12  0:01  Drone  
  13  0:12  Overlord  
  13  0:17  Drone  
  14  0:31  Drone x2  
  16  0:43  Drone  
  17  0:51  Hatchery  
  17  0:55  Drone  
  17  0:58  Drone  
  18  1:09  Extractor  
  17  1:15  Spawning Pool  
  17  1:17  Drone  
  17  1:20  Drone  
  18  1:28  Drone  
  19  1:39  Drone  
  20  1:49  Overlord  
  20  2:01  Queen  
  20  2:03  Queen  
  20  2:04  Drone  
  20  2:05  Zergling x2  
  26  2:11  Drone  
  26  2:12  Metabolic Boost  
  26  2:15  Drone  
  28  2:22  Drone  
  29  2:25  Drone  
  30  2:34  Hatchery  
  29  2:39  Drone x2  
  31  2:47  Overlord  
  31  2:53  Drone  
  31  2:56  Drone  
  33  2:59  Queen  
  33  3:00  Drone  
  36  3:06  Queen  
  36  3:09  Overlord  
  36  3:11  Drone x2  
  40  3:13  Drone  
  40  3:15  Drone  
  40  3:16  Drone  
  40  3:19  Drone  
  44  3:27  Overlord  
  44  3:28  Drone x3  
  47  3:35  Queen, Drone  
  50  3:42  Drone  
  50  3:43  Drone  
  50  3:46  Queen  
  50  3:47  Spore Crawler  
  53  3:50  Overlord  
  53  3:51  Drone  
  53  3:52  Drone  
  55  3:58  Drone x4  
  59  4:02  Spore Crawler  
  59  4:09  Drone x5  
  63  4:15  Drone x3  
  66  4:21  Drone, Overlord  
  66  4:22  Drone  
  67  4:28  Roach Warren  
  63  4:32  Extractor x2  
  63  4:33  Extractor, Lair  
  63  4:35  Drone  
  63  4:36  Drone x2  
  62  4:40  Drone x5  
  67  4:46  Drone  
  67  4:48  Queen  
  67  4:49  Queen  
  67  4:51  Overlord x2  
  72  4:54  Drone  
  72  5:09  Overlord  
  72  5:11  Roach x4  
  72  5:12  Roach x2  
  72  5:13  Roach x3  
  90  5:14  Spore Crawler  
  90  5:20  Roach  
  90  5:21  Roach x2  
  95  5:33  Overlord  
  95  5:35  Ravager x2, Zergling x18  
  106  5:46  Overseer  
  105  5:50  Overlord  
  105  5:51  Zergling x2  
  105  5:55  Ravager x2, Zergling x10  
  112  5:59  Hatchery  
  112  6:00  Ravager  
  112  6:02  Ravager  
  113  6:06  Overlord x2  
  113  6:09  Zergling x2  
  113  6:10  Zergling x10  
  113  6:11  Ravager  
  120  6:15  Zergling x2  
  121  6:25  Queen, Zergling x14  
  121  6:38  Queen, Zergling x10  
  122  6:51  Queen  
  117  6:57  Drone x5  
  118  7:01  Spire  
  118  7:04  Evolution Chamber, Drone x5  
  113  7:10  Drone x2  
  92  7:24  Roach  
  92  7:25  Roach x2  
  86  7:30  Roach x3, Queen x2  
  86  7:33  Extractor  
  86  7:34  Roach, Glial Reconstitution  
  86  7:35  Roach x5  
  104  7:37  Roach  
  104  7:41  Roach x2  
  104  7:43  Roach  
  109  7:47  Roach x2  
  109  7:49  Ravager  
  109  7:50  Ravager x2  
  118  7:51  Ravager x2  
  118  7:54  Extractor  
  118  7:58  Drone  
  118  8:02  Drone x9  
  127  8:13  Zergling x14  
  127  8:14  Extractor  
  134  8:26  Mutalisk  
  136  8:27  Overlord x5  
  135  8:34  Zerg Missile Weapons Level 1  
  135  8:41  Overlord  
  135  8:42  Overlord x3  
  135  8:48  Mutalisk x5  
  135  8:50  Mutalisk  
  145  8:58  Overseer  
  145  8:59  Roach x4  
  153  9:06  Ravager x2  
  153  9:07  Ravager  
  153  9:08  Drone  
  157  9:10  Roach  
  157  9:11  Roach x3  
  157  9:13  Drone  
  166  9:18  Roach x5  
  176  9:27  Roach x2  
  176  9:28  Roach x4  
  181  9:44  Roach x8, Infestation Pit  
  190  9:56  Roach  
  190  9:57  Roach  
  190  9:58  Overlord x2  
  170  10:08  Baneling Nest  
  170  10:14  Roach x13  
  171  10:19  Roach x3  
  173  10:26  Hatchery  
  172  10:32  Ravager  
  172  10:33  Ravager x5  
  176  10:37  Drone x3  
  176  10:41  Zergling x12  
  190  10:57  Roach x9  
  190  11:02  Roach x3  
  193  11:08  Roach x2  
  193  11:09  Roach x2  
  193  11:10  Ravager  
  191  11:17  Roach x4  
  195  11:25  Roach x5  

Tags
 
Add a new tag
Caveats
  • Supply blocks, unpowered buildings, or Contaminate may cause inaccurate times.
  • Supply counts are checked every 10 seconds.